 Dungeon Crawl Stone Soup version 0.31-a0-188-g5e087ee2ca (webtiles) character file.

Game seed: 15386569231866241075

40 qw the Shooter (level 3, -2/20 HPs)
             Began as a Deep Elf Hunter on June 23, 2023.
             Slain by a gnoll
             ... wielding a +0 spear
              (6 damage)
             ... on level 2 of the Dungeon.
             The game lasted 00:00:14 (697 turns).

qw the Shooter (Deep Elf Hunter)                     Turns: 697, Time: 00:00:14

Health: -2/20      AC:  6    Str: 10    XL:     3   Next: 30%
Magic:  5/5        EV: 11    Int: 13    God:
Gold:   59         SH:  0    Dex: 18    Spells: 2/2 levels left

rFire   . . .        Y - +0 shortbow
rCold   . . .        (shield currently unavailable)
rNeg    . . .        d - +0 ring mail
rPois   .            (no helmet)
rElec   .            e - +0 cloak
rCorr   .            (no gloves)
SInv    .            (no boots)
Will    .....        (no amulet)
Stlth   +            (no ring)
HPRegen 0.23/turn    (no ring)
MPRegen 0.09/turn

%: no passive effects
@: no status effects
A: no striking features
a: no special abilities


You were on level 2 of the Dungeon.
You visited 1 branch of the dungeon, and saw 2 of its levels.

You collected 59 gold pieces.


   Skills:
 - Level 1.5 Fighting
 + Level 6.9 Ranged Weapons
 - Level 2.4 Dodging
 - Level 1.2 Stealth


You had 2 spell levels left.
You didn't know any spells.
Your spell library was empty.

Inventory:

Hand Weapons
 Y - a +0 shortbow (weapon)
Armour
 d - a +0 ring mail (worn)
 e - a +0 cloak (worn)
Scrolls
 a - a scroll of immolation {unknown}
Potions
 g - a potion of heal wounds {unknown}

Dungeon Overview and Level Annotations

Branches:
Dungeon (2/15)

Altars:


Message History

A gnoll comes into view. It is wielding a +0 flail.
The adder misses you.
You shoot an arrow. The gnoll shouts!
The arrow hits the hobgoblin.
You kill the hobgoblin!
You hear a shout! x2
The adder bites you but does no damage.
You shoot an arrow. The arrow hits the adder.
The adder is lightly wounded.
The adder barely misses you.
A gnoll comes into view. It is wielding a +0 spear.
The adder misses you.
You shoot an arrow. The arrow hits the adder!
The adder is almost dead.
The adder bites you. The worm bites you!
You shoot an arrow. The arrow closely misses the adder.
The adder bites you but does no damage. The adder barely misses you.
You shoot an arrow. The arrow barely misses the adder.
The adder barely misses you. The worm bites you but does no damage.
The adder bites you.
You shoot an arrow. The arrow hits the adder.
You kill the adder!
The worm bites you but does no damage.
You shoot an arrow.
The arrow hits the gnoll but does no damage.
The gnoll barely misses you. The gnoll closely misses you.
A gnoll comes into view. It is wielding a +0 flail.
You shoot an arrow. The arrow completely misses the gnoll.
The gnoll shouts!
The gnoll hits you from afar with a +0 spear.
The gnoll hits you with a +0 flail. The worm closely misses you.
The gnoll completely misses you.
A hobgoblin comes into view.
The gnoll closely misses you.
You shoot an arrow. The arrow hits the gnoll.
The gnoll is moderately wounded.
The worm barely misses you.
The gnoll hits you from afar with a +0 spear.
You die...

...............
......#.##......#..
.....##.# #.......
....###.## .#...#
...# #..## ...##
### ##..# ....
##.#### #..# ..
#....###%w##....
####..##@%g.....
##..#g#..?..?
##...# ..g..
#...........
....#..#.....g
######..>......
..........
.........
..........


You could see a worm, 3 gnolls and a hobgoblin.

Vanquished Creatures
  2 adders
  2 ball pythons (D:1)
  4 endoplasms (D:1)
  4 goblins (D:1)
  4 hobgoblins
  A kobold (D:1)
  A bat (D:1)
  A frilled lizard (D:1)
19 creatures vanquished.

Notes
Turn   | Place    | Note
-------+----------+-------------------------------------------
     0 | D:1      | qw the Deep Elf Hunter began the quest for the Orb.
     0 | D:1      | Reached XP level 1. HP: 12/12 MP: 3/3
     0 | D:1      | 0 ||| qw: Version: 0.3-a-9-g12657ce
     0 | D:1      | 0 ||| qw: Game counter: 3410
     0 | D:1      | 0 ||| qw: Always use a shield: true
     0 | D:1      | 0 ||| qw: God list: Okawaru
     0 | D:1      | 0 ||| qw: Allow faded altars: false
     0 | D:1      | 0 ||| qw: Do Orc after D:15 true
     0 | D:1      | 0 ||| qw: Do second Lair branch before Depths: true
     0 | D:1      | 0 ||| qw: Lair rune preference: random
     0 | D:1      | 0 ||| qw: Plans: Normal
     0 | D:1      | 0 ||| PLANNING D:1-11
   175 | D:1      | Reached XP level 2. HP: 16/16 MP: 4/4
   187 | D:1      | Reached skill level 6 in Ranged Weapons
   511 | D:1      | Found a faded altar of an unknown god.
   576 | D:1      | 576 ||| UPGRADING to +0 ring mail.
   586 | D:1      | 586 ||| DROPPING +0 leather armour.
   587 | D:1      | 587 ||| UPGRADING to +0 cloak.
   592 | D:1      | 592 ||| READING scroll labelled JUXARPH ATAN.
   593 | D:1      | 593 ||| DROPPING scroll of butterflies.
   620 | D:2      | 620 ||| STAIRDANCE
   623 | D:1      | Reached XP level 3. HP: 13/20 MP: 5/5
   696 | D:2      | HP: 4/20 [gnoll/+0 flail (4)]
   697 | D:2      | Slain by a gnoll

Levels and vault maps discovered:
D:1:      dpeg_arrival_rhombi, layout_loops_ring,
          hellmonk_ecumenical_altar_leap_of_faith
D:2:      layout_rooms, serial_shops, nicolae_shop_tiny_waterfront, shop,
          uniq_terence

Skill      XL: |  1  2 |
---------------+-------+-----
Ranged Weapons | 6 |  6.9
Fighting       | |  1.5
Dodging        | |  2.4
Stealth        | |  1.2

Action                     || total
---------------------------++-------
   Fire: Shortbow          ||    52
    Use: Scroll            ||     1
 Armour: Leather armour    ||     3
         Ring mail         ||     6
  Dodge: Dodged            ||    22

Table legend:
 A = Non-vault XP
 B = Vault XP
 C = Vault XP percentage of total XP
 D = Non-vault monster count
 E = Vault monster count
 F = Vault count percentage of total count
                 A         B        C        D         E       F
            +---------+---------+-------+---------+---------+-------
      Total |      58 |       0 |   0.0 |      19 |       0 |   0.0
            +---------+---------+-------+---------+---------+-------
        D:1 |      43 |       0 |   0.0 |      17 |       0 |   0.0
        D:2 |      15 |       0 |   0.0 |       2 |       0 |   0.0
            +---------+---------+-------+---------+---------+-------
